 Dungeon Crawl Stone Soup version 0.30-a0-329-g85436e0a43 (webtiles) character file.

Game seed: 6035712972927498409

71451 koil the Nimble (level 14, -1/75 HPs)
             Began as a Spriggan Hunter on Oct 28, 2022.
             Was an Initiate of Yredelemnul.
             Killed by divine providence
             ... invoked by an orc high priest
              (9 damage)
             ... on level 2 of the Orcish Mines.
             The game lasted 01:55:56 (22802 turns).

koil the Nimble (Spriggan Hunter)                  Turns: 22802, Time: 01:55:56

Health: -1/75      AC:  6    Str:  6    XL:     14   Next: 97%
Magic:  0/29       EV: 35    Int:  9    God:    Yredelemnul [......]
Gold:   1360       SH:  0    Dex: 28    Spells: 13/34 levels left

rFire   + + .      SeeInvis +    a - +1 arbalest (freeze)
rCold   . . .      Faith    .    (shield currently unavailable)
rNeg    . . .      Spirit   +    X - +2 robe {Will+}
rPois   .          Reflect  .    e - +1 hat
rElec   .          Harm     .    P - +0 cloak
rCorr   .          Rampage  .    (gloves unavailable)
Will    +++..                    (boots unavailable)
Stlth   +++++.....               f - amulet of guardian spirit
HPRegen 0.32/turn                q - ring of protection from fire
MPRegen 0.21/turn                x - +4 ring of slaying

@: very quick
A: very small, no large weapons, unfitting armour, see invisible, speed 3,
hooves 1, agile 1, fire resistance 1
a: Renounce Religion, Recall Undead Harvest


You were on level 2 of the Orcish Mines.
You worshipped Yredelemnul.
Yredelemnul was noncommittal.
You visited 4 branches of the dungeon, and saw 20 of its levels.

You collected 1680 gold pieces.
You spent 320 gold pieces at shops.

Inventory:

Hand Weapons
 a - a +1 arbalest of freezing (weapon)
 b - a +3 dagger of venom
 l - a +1 dagger of flaming
 n - a +2 shortbow of draining
 u - a +0 shortbow of flaming
Missiles
 A - a throwing net
 E - 41 poisoned darts
Armour
 e - a +1 hat (worn)
 P - a +0 cloak (worn)
 X - a +2 robe of willpower (worn)
Jewellery
 f - an amulet of guardian spirit (around neck)
 q - a ring of protection from fire (left hand)
 x - a +4 ring of slaying (right hand)
 B - a ring of ice
 R - a ring of fire
Wands
 g - a wand of digging (2)
 v - a wand of paralysis (34)
 Y - a wand of light (10)
Scrolls
 c - 2 scrolls of butterflies
 h - a scroll of teleportation
 i - 5 scrolls of identify
 j - 3 scrolls of blinking
 s - 4 scrolls of torment
 w - 2 scrolls of vulnerability
 y - 8 scrolls of immolation
 G - 3 scrolls of fear
Potions
 d - a potion of haste
 k - 3 potions of brilliance
 m - a potion of might
 o - 4 potions of heal wounds
 r - 7 potions of cancellation
 t - 8 potions of curing
 D - a potion of attraction
 I - 4 potions of invisibility
 K - a potion of resistance
 O - 2 potions of flight
 S - a potion of magic
 T - 4 potions of mutation


   Skills:
 + Level 9.6 Fighting
 + Level 11.9 Ranged Weapons
 + Level 14.6 Dodging
 - Level 11.0 Stealth
 - Level 10.7 Spellcasting
 + Level 5.9 Conjurations
 - Level 7.6 Hexes
 - Level 3.0 Fire Magic
 - Level 7.0 Ice Magic
 - Level 5.0 Air Magic
 - Level 5.0 Invocations


You had 13 spell levels left.
You knew the following spells:

 Your Spells              Type           Power      Damage    Failure   Level
a - Ensorcelled Hibernat  Hex/Ice        36%        N/A       1%          2
b - Ice Form              Ice/Tmut       11%        N/A       32%         4
c - Hailstorm             Conj/Ice       16%        3d6       3%          3
d - Ignite Poison         Fire/Tmut/Pois 6%         N/A       26%         3
e - Anguish               Hex/Necr       5%         N/A       28%         4
f - Freezing Cloud        Conj/Ice/Air   7%         6-21      32%         5

Your spell library contained the following spells:

 Spells                   Type           Power      Damage    Failure   Level
 Magic Dart               Conj           60%        1d6       1%          1
 Searing Ray              Conj           30%        2d5       1%          2
 Summon Guardian Golem    Hex/Summ       11%        N/A       9%          3
 Fulminant Prism          Conj/Hex       8%         3d7       9%          4
 Stone Arrow              Conj/Erth      20%        3d8       12%         3
 Sandblast                Erth           8%         2d5       14%         1
 Summon Small Mammal      Summ           16%        N/A       14%         1
 Kindle Blastsparks       Fire/Tloc/Air  18%        2d11      14%         3
 Passwall                 Tmut/Erth      3%         N/A       21%         2
 Sublimation of Blood     Necr           4%         N/A       21%         2
 Call Canine Familiar     Summ           4%         N/A       38%         3
 Spider Form              Tmut/Pois      4%         N/A       38%         3
 Irradiate                Conj/Tmut      5%         3d13      75%         5
 Manifold Assault         Tloc           4%         N/A       80%         4
 Petrify                  Tmut/Erth      4%         N/A       80%         4
 Dispersal                Tloc           2%         N/A       100%        6
 Disjunction              Tloc           2%         N/A       100%        8
 Simulacrum               Ice/Necr       Unusable   N/A       N/A         6

Dungeon Overview and Level Annotations

Branches:
Dungeon (12/15)            Temple (1/1) D:4            Lair (5/5) D:10
  Swamp (0/4) Lair:3       Spider (0/4) Lair:3        Slime (0/5) Lair:5
    Orc (2/2) D:12            Elf (0/3) Orc:2

Altars:
Ashenzari
Cheibriados
Dithmenos
Elyvilon
Fedhas
Gozag
Hepliaklqana
Kikubaaqudgha
Makhleb
Nemelex Xobeh
Okawaru
Qazlal
Ru
Sif Muna
Trog
Uskayaw
Vehumet
Wu Jian
Xom
Yredelemnul
Zin
The Shining One

Shops:
D:3 *   D:5 (   D:6 [   D:7 ?   D:11 =

Annotations:
D:9 3 runed translucent doors, Darkkill's ghost, novice MiHu
D:10 exclusion: oklob plant


Innate Abilities, Weirdness & Mutations

You are very small and have problems with some larger weapons.
You are too small for most types of armour.
You have supernaturally acute eyesight. (SInv)
You cover ground extremely quickly. (Speed+++)
You have large cloven feet.
You are agile. (Dex +4, Str/Int -1)
Your flesh is heat resistant. (rF+)


Message History

The orc warrior hits your orc warrior zombie with a +0 scimitar!
Your orc warrior zombie is destroyed!
The orc warrior closely misses your orc warrior zombie.
The orc high priest hits your orc warrior zombie with a +0 hand axe.
The hellwing swoops through the air toward you!
The hellwing misses you. The hellwing completely misses you.
Your orc warrior zombie misses the orc high priest.
The soul eater completely misses you.
The orc high priest hits your orc warrior zombie with a +0 hand axe!
The orc warrior completely misses your orc warrior zombie.
The orc warrior completely misses you. The hellwing hits you!
The hellwing misses you.
Your orc warrior zombie hits the orc high priest.
The orc warrior hits your orc warrior zombie with a +0 scimitar.
The orc high priest barely misses your orc warrior zombie.
The orc priest mumbles some strange prayers to Beogh against you.
Beogh smites you!
Fire: a) +1 arbalest (freeze)
Press: ? - help, Q - select action, (/) - cycle Shift-Dir - straight line, f/p - orc warrior
Aim: an orc warrior, wielding a +0 battleaxe and wearing a +0 chain mail (almost dead, 72% to hit)
You shoot a bolt.
The bolt hits the orc warrior but does no damage.
The orc warrior is almost dead.
The hellwing completely misses you. x2
The soul eater draws from the surrounding life force!
The sun demon completely misses you. The orc completely misses you.
The orc warrior hits you with a +0 battleaxe.
* * * LOW HITPOINT WARNING * * *
The orc high priest hits your orc warrior zombie with a +0 hand axe!
Your orc warrior zombie is destroyed!
The orc priest invokes the aid of Beogh against you.
Beogh smites you!
* * * LOW HITPOINT WARNING * * *
The hellwing hits you!
* * * LOW HITPOINT WARNING * * *
The hellwing misses you.
The orc high priest mumbles some strange prayers to Beogh against you.
Beogh smites you!
You die...
Your body rises from the dead as a mindless zombie.

#...)o.....##
#..o.o#.....#
##..oo.......#
##....oo.......
############....o........#
...............oo3......##
#...#.......#...4o....#.##
....###..........3.......#
$....#..........@.....#.##
.....#.Z.^............###
.........)......##.#.##
..#.............######
..Z........#.)...#.##
#...#....).)....#...#
#........)..).......##
#.........)..........##
##...<.....)).........#


You could see a soul eater (summoned), an orc high priest, a sun demon
(summoned), a hellwing (summoned), 3 orc warriors, 2 orc priests, an orc wizard
(invisible) and 3 orcs.

Vanquished Creatures
  Gastronok (D:12)
  A dire elephant (Lair:5)
  A fire dragon (D:12)
  A hydra (Lair:4)
  4 two-headed ogres
  A boulder beetle (Lair:5)
  An ogre mage (D:10)
  A catoblepas (Lair:5)
  A dancing weapon (D:8)
  12 death yaks
  2 orc knights
  Pikel (D:4)
  4 ugly things
  4 cyclopes
  11 centaur zombies (D:11)
  2 gargoyles (D:12)
  3 cane toads
  An unseen horror (D:11)
  2 rime drakes
  Psyche (D:10)
  5 komodo dragons
  5 trolls
  A polar bear (Lair:3)
  4 blink frogs
  3 meliai zombies (D:11)
  Grinder (D:3)
  Sigmund (D:5)
  4 shadows
  3 wraiths
  4 vampires
  3 wyverns
  12 yaks
  3 basilisks
  8 vampire mosquitoes
  A warg (Orc:1)
  3 water moccasins
  3 acid dragons
  10 orc warriors
  A black bear (D:4)
  3 sky beasts
  4 ogres
  9 wolves
  10 centaurs
  7 bullfrogs
  2 kobold brigands
  A gnoll sergeant (Orc:2)
  2 necrophages
  4 scorpions
  8 wights
  13 killer bees
  2 howler monkeys
  5 electric eels
  A jelly (D:7)
  10 orc priests
  2 hounds
  A gnoll bouda (D:4)
  Ijyb (D:4)
  5 iguanas
  A boggart zombie (D:11)
  11 orc wizards
  3 hell rats (Lair:4)
  13 gnolls
  13 adders
  An orc zombie (D:12)
  3 white imps
  An ufetubus (D:5)
  3 dart slugs
  52 orcs
  9 ball pythons
  6 bats
  7 endoplasms
  2 giant cockroaches
  5 goblins
  7 hobgoblins
  5 jackals
  4 quokkas
  5 frilled lizards
  13 kobolds
  2 rats (D:3)
386 creatures vanquished.

Vanquished Creatures (collateral kills)
  2 hydras
  2 catoblepae
  14 death yaks
  A deep troll shaman (Lair:5)
  An orc high priest (Orc:1)
  The ghost of BigDaddyOpFi the Destroyer, a novice OpCj of Sif Muna (D:8)
  A bog body (Lair:3)
  An ugly thing (D:9)
  A manticore (D:12)
  6 elephants
  Maurice (D:8)
  3 black mambas
  A torpor snail (Lair:5)
  5 cane toads
  A rime drake (Lair:3)
  A yaktaur (D:10)
  9 komodo dragons
  3 polar bears
  5 blink frogs
  6 dream sheep (Lair:3)
  A wraith (D:11)
  17 yaks
  4 basilisks (Lair:3)
  2 vampire mosquitoes
  An acid dragon (D:10)
  5 water moccasins
  An ice beast (D:8)
  A black bear (Lair:5)
  7 wolves
  8 bullfrogs
  A scorpion (D:6)
  3 killer bees
  A jelly (Lair:5)
  2 orc priests
  2 orc wizards (Orc:2)
  5 hell rats
  6 orcs
  2 bushes
  A plant (Lair:4)
135 creatures vanquished.

Vanquished Creatures (others)
  An ugly thing zombie (D:10)
  An elephant slug zombie (D:12)
  7 death yak zombies
  3 hydra zombies
  A boulder beetle zombie (Lair:5)
  2 black mamba zombies
  A wyvern (D:10)
  2 two-headed ogre zombies (D:9)
  An ogre zombie (D:10)
  4 cane toad zombies
  9 blink frog zombies
  An elephant zombie (Lair:5)
  2 dream sheep zombies (Lair:3)
  A manticore zombie (D:12)
  A torpor snail zombie (Lair:5)
  A rime drake zombie (Lair:3)
  5 vampire mosquito zombies
  A komodo dragon zombie (Lair:4)
  A wyvern zombie (D:10)
  2 cyclops zombies
  5 water moccasin zombies
  A wight (D:10)
  2 polar bear zombies (Lair:5)
  2 troll zombies
  8 yak zombies
  4 wolf zombies
  2 centaur zombies
  5 bullfrog zombies
  4 basilisk zombies
  A black bear zombie (Lair:5)
  7 killer bee zombies
  An acid dragon zombie (D:11)
  A sky beast zombie (D:7)
  A howler monkey zombie (D:6)
  2 spectral electric eels (D:10)
  4 adder zombies
  An iguana zombie (D:6)
  A jelly zombie (Lair:5)
  2 spectral white imps
  3 gnoll zombies
  An endoplasm zombie (Lair:5)
  3 kobold zombies
  33 orc zombies
  A fire vortex (Lair:1)
  52 fungi
  81 plants
  17 toadstools (D:10)
  5 withered plants
297 creatures vanquished.

Grand Total: 818 creatures vanquished

Notes
Turn   | Place    | Note
-------+----------+-------------------------------------------
     0 | D:1      | koil the Spriggan Hunter began the quest for the Orb.
     0 | D:1      | Reached XP level 1. HP: 10/10 MP: 2/2
   222 | D:1      | Reached XP level 2. HP: 15/15 MP: 2/4
   308 | D:1      | Reached skill level 3 in Dodging
   325 | D:1      | Reached skill level 1 in Spellcasting
   816 | D:2      | Identified the +0 helmet of the Grue {Int+4}
   881 | D:2      | Reached XP level 3. HP: 12/18 MP: 3/6
   919 | D:2      | Found a shimmering blue altar of Sif Muna.
  1037 | D:2      | Reached XP level 4. HP: 23/23 MP: 7/7
  1865 | D:3      | Noticed Grinder
  1897 | D:3      | Paralysed by Grinder for 5 turns
  1907 | D:3      | Learned a level 2 spell: Ensorcelled Hibernation
  1908 | D:3      | Paralysed by Grinder for 3 turns
  1912 | D:3      | Killed Grinder
  1913 | D:3      | Reached skill level 4 in Dodging
  1913 | D:3      | Reached XP level 5. HP: 27/27 MP: 8/10
  1913 | D:3      | Reached XP level 6. HP: 32/32 MP: 8/11
  2270 | D:3      | Found Desiri's General Store.
  2432 | D:3      | Bought a scroll of identify for 20 gold pieces
  2432 | D:3      | Bought a scroll of amnesia for 40 gold pieces
  2432 | D:3      | Bought a potion of curing for 30 gold pieces
  2432 | D:3      | Bought a potion of berserk rage for 50 gold pieces
  2758 | D:3      | Found a faded altar of an unknown god.
  2857 | D:4      | Reached skill level 5 in Ranged Weapons
  2857 | D:4      | Reached skill level 5 in Stealth
  2857 | D:4      | Reached skill level 1 in Hexes
  2966 | D:4      | Reached XP level 7. HP: 35/36 MP: 11/13
  2976 | D:4      | Reached skill level 5 in Dodging
  3026 | D:4      | Found a staircase to the Ecumenical Temple.
  3047 | D:4      | Noticed Pikel
  3165 | D:4      | Killed Pikel
  3166 | D:4      | Reached skill level 1 in Ice Magic
  3166 | D:4      | Reached XP level 8. HP: 29/40 MP: 10/15
  3306 | D:4      | Noticed Ijyb
  3490 | D:4      | Found a hide-covered altar of Uskayaw.
  4231 | D:4      | Reached skill level 6 in Dodging
  4325 | D:4      | Killed Ijyb
  4502 | Temple   | Entered the Ecumenical Temple
  4567 | Temple   | Became a worshipper of Yredelemnul the Dark
  4678 | Temple   | Gained mutation: You have large cloven feet. [potion of
                  | mutation]
  4678 | Temple   | Gained mutation: You are agile. (Dex +4, Str/Int -1)
                  | [potion of mutation]
  4678 | Temple   | Gained mutation: Your flesh is heat resistant. (rF+)
                  | [potion of mutation]
  4707 | D:5      | Entered Level 5 of the Dungeon
  4863 | D:5      | Reached skill level 5 in Spellcasting
  5184 | D:5      | Found Nolitzeg's Antique Weapon Emporium.
  5291 | D:5      | Noticed Sigmund
  5317 | D:5      | Reached * piety under Yredelemnul
  5356 | D:5      | Killed Sigmund
  5755 | D:6      | Reached XP level 9. HP: 45/45 MP: 18/18
  5848 | D:6      | Found Neew's Armour Emporium.
  5968 | D:6      | Found an ancient bone altar of Kikubaaqudgha.
  6161 | D:6      | Reached skill level 7 in Dodging
  6184 | D:6      | Learned a level 4 spell: Ice Form
  6188 | D:6      | Learned a level 3 spell: Hailstorm
  6508 | D:5      | Bought a glowing shortbow for 132 gold pieces
  6562 | D:7      | Found a white marble altar of Elyvilon.
  6607 | D:7      | Found Xemacsin's Magic Scroll Boutique.
  6621 | D:7      | Bought a scroll of fear for 48 gold pieces
  6660 | D:7      | Reached skill level 5 in Hexes
  6922 | D:7      | Identified the +5 short sword of Bloody Death {protect,
                  | Drain rN+++ Will+ Dex-2}
  7024 | D:7      | Found an opulent altar of Gozag.
  7346 | D:8      | Found a runed translucent door.
  7346 | D:8      | Found a shimmering altar of Xom.
  7346 | D:8      | Noticed BigDaddyOpFi's ghost (novice OpCj)
  7346 | D:8      | Noticed a +0 mace of chaos
  7361 | D:8      | Killed a +0 mace of chaos
  7362 | D:8      | Reached XP level 10. HP: 51/51 MP: 19/21
  7367 | D:8      | Killed BigDaddyOpFi's ghost
  7368 | D:8      | Reached skill level 5 in Fighting
  7368 | D:8      | Reached skill level 8 in Dodging
  7484 | D:8      | Reached ** piety under Yredelemnul
  7484 | D:8      | Reached *** piety under Yredelemnul
  7909 | D:8      | Noticed Maurice
  7925 | D:8      | Killed Maurice
  7937 | D:8      | Found a glowing golden altar of the Shining One.
  7958 | D:8      | Reached skill level 10 in Stealth
  8348 | D:9      | Noticed a two-headed ogre
  8358 | D:9      | Noticed a two-headed ogre
  8402 | D:9      | Found a hazy altar of Hepliaklqana.
  8408 | D:9      | Killed a two-headed ogre
  8409 | D:9      | Reached skill level 9 in Dodging
  8480 | D:9      | Noticed a cyclops
  8493 | D:9      | Killed a cyclops
  8494 | D:9      | Reached XP level 11. HP: 53/56 MP: 23/23
  8512 | D:9      | Killed a two-headed ogre
  8527 | D:9      | Found a shimmering altar of Xom.
  8776 | D:9      | Reached skill level 5 in Ice Magic
  8914 | D:9      | Found a runed translucent gate.
  8914 | D:9      | Found a runed translucent gate.
  8915 | D:9      | Found a runed translucent gate.
  8915 | D:9      | Noticed a purple ugly thing
  8915 | D:9      | Noticed a cyan ugly thing
  9187 | D:9      | Noticed a cyan ugly thing
  9189 | D:9      | Noticed a purple ugly thing
  9215 | D:9      | Killed a cyan ugly thing
  9249 | D:9      | Killed a brown ugly thing
  9270 | D:9      | Killed a cyan ugly thing
  9358 | D:9      | Killed a purple ugly thing
  9367 | D:9      | Found a runed translucent gate.
  9367 | D:9      | Found a runed translucent gate.
  9371 | D:9      | Noticed a cacodemon
  9371 | D:9      | Noticed Darkkill's ghost (novice MiHu)
  9373 | D:9      | Found a runed translucent gate.
  9652 | D:10     | Entered Level 10 of the Dungeon
  9652 | D:10     | Noticed Psyche
  9679 | D:10     | Noticed an ogre mage
  9684 | D:10     | Noticed a cyan ugly thing
  9691 | D:10     | Noticed an orc knight
  9821 | D:10     | Noticed a two-headed ogre
  9862 | D:10     | Killed an ogre mage
  9863 | D:10     | Reached skill level 10 in Dodging
  9948 | D:10     | Killed an orc knight
 10178 | D:10     | Killed Psyche
 10301 | D:10     | Killed a two-headed ogre
 10628 | D:10     | Killed a cyan ugly thing
 11136 | D:10     | Found a staircase to the Lair.
 11173 | D:10     | Found a burning altar of Makhleb.
 11379 | D:10     | Found a blossoming altar of Fedhas.
 11411 | D:10     | Noticed an oklob plant
 12591 | D:10     | Reached XP level 12. HP: 20/62 MP: 9/26
 13501 | D:11     | Found Utzy's Jewellery Shoppe.
 13759 | D:10     | Reached skill level 11 in Dodging
 14063 | D:11     | Reached skill level 1 in Conjurations
 14094 | D:11     | Reached skill level 10 in Spellcasting
 14557 | D:11     | You fall into a shaft and drop 1 floor!
 14627 | D:12     | Noticed Gastronok
 14651 | D:12     | Killed Gastronok
 15160 | D:12     | Your ally Gastronok died
 15245 | D:12     | Reached skill level 12 in Dodging
 15377 | D:12     | Found a staircase to the Orcish Mines.
 15641 | D:12     | Noticed a fire dragon
 15645 | D:12     | Noticed a two-headed ogre
 15685 | D:12     | Killed a two-headed ogre
 15694 | D:12     | Reached XP level 13. HP: 68/68 MP: 28/28
 15699 | D:12     | Learned a level 3 spell: Ignite Poison
 15731 | D:12     | Reached skill level 10 in Ranged Weapons
 15753 | D:12     | Killed a fire dragon
 15786 | D:12     | Identified the +0 ring mail "Vuth" {+Blink rC+ Dex+3}
 16355 | Lair:1   | Entered Level 1 of the Lair of Beasts
 16372 | Lair:1   | Reached skill level 1 in Fire Magic
 16562 | Lair:1   | You fall into a shaft and drop 1 floor!
 16793 | Lair:1   | Learned a level 4 spell: Anguish
 16799 | Lair:1   | Learned a level 5 spell: Freezing Cloud
 17630 | Lair:2   | Reached skill level 1 in Air Magic
 17983 | Lair:2   | Reached **** piety under Yredelemnul
 17986 | Lair:2   | Reached ***** piety under Yredelemnul
 17993 | Lair:2   | Reached ****** piety under Yredelemnul
 18056 | Lair:2   | Found an opulent altar of Gozag.
 18293 | Lair:3   | Reached skill level 13 in Dodging
 18434 | Lair:3   | Reached skill level 1 in Invocations
 18645 | Lair:3   | Found a staircase to the Swamp.
 18674 | Lair:3   | Found a hole to the Spider Nest.
 18710 | Lair:3   | Reached XP level 14. HP: 68/74 MP: 26/29
 19515 | Lair:4   | Reached skill level 5 in Conjurations
 19801 | Lair:4   | Reached skill level 14 in Dodging
 20207 | Lair:5   | Entered Level 5 of the Lair of Beasts
 21075 | Lair:5   | Reached skill level 5 in Air Magic
 21314 | Lair:5   | Found a staircase to the Slime Pits.
 22003 | D:4      | Identified the +9 flail of Disaster {freeze, Str+9 Dex+4}
 22215 | Orc:1    | Entered Level 1 of the Orcish Mines
 22418 | Orc:1    | Reached skill level 5 in Invocations
 22614 | Orc:2    | Entered Level 2 of the Orcish Mines
 22722 | Orc:2    | Found a staircase to the Elven Halls.
 22802 | Orc:2    | Killed from afar by an orc high priest

Illustrated notes

Levels and vault maps discovered:
D:1:      lightli_arrival_lavapool, layout_basic
D:2:      layout_basic, serial_forest, infiniplex_forest_lined_room_2,
          infiniplex_forest_end_3, infiniplex_forest_lined_room_,
          infiniplex_forest_lined_3, infiniplex_forest_clump_curved,
          infiniplex_forest_lined_3_way, infiniplex_forest_lined_3,
          infiniplex_forest_clump_C, infiniplex_forest_straight_5, basic_altar,
          chequers_serial_rivers_large_b, chequers_mini_garden
D:3:      layout_basic, serial_shops, nicolae_shop_advertising_works
          [nicolae_subvault_shop_adworks],
          shapermc_ecumenical_altar_totnotflames, minmay_close_crescents,
          uniq_grinder
D:4:      layout_basic, lemuel_coloured_pillars_altar, temple_pool_b,
          st_stairs_11, saegor_snake_ambush, uniq_pikel, uniq_ijyb
D:5:      layout_loops_corners, serial_shops, shop, minmay_stone_trees_small,
          uniq_sigmund
D:6:      layout_loops_ring, kiku_gazebo_garden_becter, serial_shops,
          nicolae_shop_stone, serial_park_tiny_1
D:7:      layout_basic, nicolae_gozag_cash_rules_everything_around_me,
          elyvilon_altar_4, serial_shops, shop_scrolls
D:8:      layout_loops_ring, lemuel_doored_altar, ebering_ghost_xom,
          serial_bayou_pond_e, kennysheep_small_square, uniq_maurice
D:9:      minmay_distorted_concentric_squares, layout_loops_ring,
          nicolae_overflow_hidden_temple, mainiacjoe_overflow_catwalk,
          serial_glass, glass_columns_a, glass_columns_b, feat_on_display,
          feat_on_display, due_unseen_surprise, feat_on_display,
          ploomutoo_gammafunk_ghost_potion_laboratory, dk_vineyard_1,
          chequers_serial_rivers_micro_a
D:10:     layout_basic, mainiacjoe_overflow_cross_hatched, tgw_fedhas,
          minmay_diamond_spiral, uniq_psyche
D:11:     layout_cross, serial_undead, serial_undead_d, serial_undead_b,
          serial_undead_e, serial_undead_b, serial_undead_d, serial_undead_b,
          serial_undead_d, serial_undead_f, serial_undead_b, serial_undead_b,
          serial_shops, nicolae_shop_hallway_stairs, minmay_crystal_water
D:12:     layout_stronghold, david_orc_5, kennysheep_four_rooms, uniq_gastronok
Temple:   nicolae_temple_god_jail
Lair:1:   layout_gridlike, infiniplex_staircase_pool, grunt_megastairs_2,
          serial_bayou_shore_a
Lair:2:   layout_chaotic_city, basic_altar
Lair:3:   layout_hall_layers, skrybe_swamp_entry_bodies,
          spider_nest_entry_web_field, kennysheep_basilisk_garden,
          serial_bayou_shore_b
Lair:4:   layout_regular_city, lemuel_fruit_fields
Lair:5:   grunt_lair_end_beastmaster, layout_gridlike,
          nicolae_slime_entry_slimehenge, enter_volcano_1, nzn_sisyphean_effort,
          grunt_megastairs_5, infiniplex_staircase_pool_2
Orc:1:    layout_diamond_mine
Orc:2:    st_orc_mages, layout_caves

Skill      XL: |  1  2  3  4  5  6  7  8  9 10 11 12 13 14 |
---------------+-------------------------------------------+-----
Stealth        | 2 3 4 5 6 7 8 10 11 | 11.0
Dodging        | 3 4 5 6 7 9 10 12 13 14 | 14.6
Spellcasting   | 1 3 4 5 6 7 9 10 | 10.7
Fighting       | 2 3 4 5 6 7 8 9 |  9.6
Ranged Weapons | 5 6 7 8 9 11 | 11.9
Hexes          | 1 2 4 5 7 |  7.6
Ice Magic      | 1 2 3 4 6 7 |  7.0
Conjurations   | 2 4 5 |  5.9
Fire Magic     | 3 |  3.0
Air Magic      | 3 5 |  5.0
Invocations    | 2 5 |  5.0

Action                   |  1- 3 |  4- 6 |  7- 9 | 10-12 | 13-15 || total
-------------------------+-------+-------+-------+-------+-------++-------
Melee: Dagger            |       |       |       |    13 |     8 ||    21
       Kick              |       |       |       |     9 |     5 ||    14
       Punch             |       |       |       |     1 |       ||     1
 Fire: Shortbow          |    66 |   184 |   315 |   696 |   289 ||  1550
       Arbalest          |       |       |       |       |   162 ||   162
Throw: Dart              |       |       |     5 |       |       ||     5
 Cast: Ensorcelled Hiber |       |       |       |    18 |     1 ||    19
       Hailstorm         |       |       |       |     3 |       ||     3
       Freezing Cloud    |       |       |       |       |     1 ||     1
Invok: Recall Undead Har |       |       |     1 |     2 |     1 ||     4
Evoke: Wand              |       |       |       |     2 |       ||     2
  Use: Scroll            |       |       |    12 |    10 |     4 ||    26
       Potion            |       |       |     5 |     2 |     2 ||     9
 Stab: Sleeping          |       |       |       |     1 |       ||     1
Armor: Robe              |       |    10 |     7 |    51 |    10 ||    78
       Skin              |       |       |       |     1 |       ||     1
Dodge: Dodged            |    20 |   136 |   123 |   911 |   317 ||  1507

Table legend: (Time is in decaauts)
 A = Elapsed time spent in this place.
 B = Non-inter-level travel time spent in this place.
 C = Inter-level travel time spent in this place.
 D = Time resting spent in this place.
 E = Time spent auto-exploring this place.
 F = Levels seen in this place.
 G = Mean time per level.
                   A        B        C        D        E       F      G
               +--------+--------+--------+--------+--------+-----+--------+
         Total |  21846 |  20056 |   1790 |   2174 |  12919 |  20 | 1092.3 |
       Dungeon |  14940 |  13392 |   1548 |   1822 |   8235 |  12 | 1245.0 |
        Temple |    197 |    188 |      9 |     42 |     15 |   1 |  197.0 |
          Lair |   6097 |   5892 |    205 |    310 |   4302 |   5 | 1219.4 |
  Orcish Mines |    610 |    584 |     26 |      0 |    365 |   2 |  305.0 |
               +--------+--------+--------+--------+--------+-----+--------+

Top non-repeatable levels by time:
    D:10: 3653 daAuts
    D:12: 2399 daAuts
     D:9: 1894 daAuts
  Lair:4: 1548 daAuts
     D:4: 1455 daAuts
  Lair:5: 1346 daAuts
  Lair:1: 1183 daAuts
  Lair:3: 1025 daAuts
  Lair:2: 994 daAuts
     D:8: 820 daAuts
    D:11: 799 daAuts
     D:2: 771 daAuts
     D:5: 758 daAuts
     D:3: 758 daAuts
     D:6: 640 daAuts
